Map: [ESL] Berlingrad

Players

Dream - Winner!

  • Race: Terran Terran

Cure

  • Race: Terran Terran

Event: IEM Katowice 2022

VOD

https://youtu.be/WZqJLdII-ZQ?t=1680

Description

Time

  • Played on: Feb. 24, 2022, 10:32 a.m.
  • Length: 26:52

All games in this series

Show
View Real Time Build Order
Export as new Build Order

Dream Terran - Winner!

Build Orders: Cyclone Opening 

Get SALT Encoding   

  12  0:00  SCV  
  13  0:12  SCV  
  14  0:16  Supply Depot  
  14  0:24  SCV  
  15  0:38  SCV  
  15  0:39  Barracks  
  15  0:42  Refinery  
  16  0:50  SCV  
  16  0:53  Refinery  
  17  1:02  SCV  
  18  1:14  SCV  
  19  1:26  Reaper, Orbital Command  
  19  1:29  Supply Depot  
  20  1:39  Factory  
  20  1:52  SCV  
  21  1:58  Reaper  
  22  2:04  SCV  
  23  2:16  SCV  
  23  2:18  Command Center  
  24  2:23  Factory Tech Lab  
  24  2:28  SCV  
  25  2:31  Barracks Reactor  
  25  2:40  SCV  
  25  2:41  Cyclone  
  29  2:44  Supply Depot  
  29  2:52  SCV  
  30  3:00  Starport  
  29  3:06  SCV  
  29  3:08  Marine  
  29  3:09  Marine  
  31  3:15  Cyclone  
  31  3:18  SCV, Refinery  
  35  3:25  Marine  
  36  3:27  Marine  
  36  3:31  Orbital Command  
  36  3:33  SCV  
  38  3:38  Starport Tech Lab  
  38  3:43  Marine  
  38  3:44  Marine  
  38  3:45  SCV  
  44  3:57  SCV  
  44  3:58  SCV  
  44  4:00  Raven  
  45  4:06  Supply Depot, Siege Tank  
  49  4:10  Supply Depot, SCV  
  49  4:11  Marine  
  49  4:17  SCV  
  49  4:21  Marine  
  49  4:22  SCV  
  51  4:29  Supply Depot, SCV, Marine  
  53  4:34  SCV  
  54  4:39  Marine  
  54  4:41  SCV  
  54  4:43  Raven  
  58  4:46  SCV  
  58  4:51  Siege Tank  
  58  4:52  Marine  
  63  4:53  SCV  
  63  4:58  SCV  
  64  5:05  SCV, Marine  
  63  5:10  SCV  
  64  5:17  SCV  
  64  5:19  Refinery  
  65  5:21  Command Center  
  65  5:22  SCV  
  65  5:26  Raven  
  69  5:29  Supply Depot, Barracks Reactor, SCV  
  69  5:33  Supply Depot  
  69  5:34  SCV  
  70  5:40  Barracks  
  70  5:43  Supply Depot  
  70  5:48  Supply Depot  
  70  5:50  SCV x2  
  70  5:53  Siege Tank  
  70  5:56  Barracks  
  75  6:04  Engineering Bay  
  75  6:05  SCV x2  
  75  6:06  Engineering Bay  
  77  6:16  Viking, Stimpack  
  77  6:17  SCV x2, Viking, Marine  
  84  6:29  Barracks Reactor, SCV x2  
  84  6:30  Siege Tank  
  89  6:34  Orbital Command  
  89  6:35  Marine  
  87  6:41  SCV x2  
  88  6:52  Orbital Command  
  88  6:53  SCV, Marine  
  90  6:54  Viking x2  
  90  6:55  SCV  
  95  7:02  Terran Infantry Weapons Level 1, Terran Infantry Armor Level 1  
  95  7:04  Marine  
  95  7:05  SCV  
  95  7:07  SCV  
  98  7:10  Barracks Reactor  
  98  7:12  Barracks  
  98  7:13  Supply Depot  
  98  7:14  Supply Depot  
  98  7:15  Barracks  
  97  7:16  Marine  
  97  7:17  SCV, Refinery  
  97  7:20  SCV  
  99  7:25  Marine  
  99  7:29  SCV, Refinery, Marine  
  101  7:34  SCV, Marine  
  101  7:36  SCV  
  103  7:42  SCV  
  103  7:43  Marine  
  105  7:45  Supply Depot  
  105  7:47  SCV, Marine  
  105  7:49  SCV  
  108  7:54  Marine  
  108  7:56  Combat Shield  
  108  7:57  Viking  
  111  7:58  SCV  
  111  7:59  SCV  
  111  8:03  SCV  
  111  8:04  Marine x2  
  116  8:06  Barracks Reactor  
  107  8:13  SCV x2  
  107  8:15  Marine  
  96  8:20  Marine x2  
  96  8:22  SCV  
  96  8:24  Siege Tank  
  96  8:25  SCV  
  99  8:29  SCV  
  99  8:32  Marine, Medivac x2  
  99  8:33  Marine  
  99  8:34  SCV  
  106  8:35  Barracks Reactor, Marine  
  105  8:41  SCV x2  
  105  8:42  Marine x4  
  111  8:50  Marine x2  
  111  8:53  SCV, Marine  
  111  8:54  SCV  
  111  9:00  Marine x4  
  111  9:01  Siege Tank  
  111  9:02  Medivac  
  116  9:04  SCV, Armory  
  116  9:06  SCV  
  116  9:07  Refinery  
  116  9:08  Marine  
  118  9:11  Marine x3  
  118  9:14  Medivac  
  118  9:15  Marine  
  124  9:20  Supply Depot, Command Center  
  124  9:21  Marine x2  
  124  9:22  Marine  
  124  9:23  Marine  
  128  9:26  Marine  
  128  9:29  Supply Depot  
  129  9:32  Marine  
  129  9:33  Sensor Tower  
  129  9:35  Marine  
  133  9:41  Marine  
  133  9:42  Marine x4  
  136  9:45  Viking x2  
  136  9:46  Siege Tank  
  136  9:48  Supply Depot  
  136  9:49  Supply Depot  
  136  9:52  Terran Vehicle Weapons Level 1, Terran Infantry Weapons Level 2  
  143  9:53  Terran Infantry Armor Level 2  
  143  9:56  Marine x4  
  143  9:59  SCV x3  
  150  10:09  Marine x3  
  150  10:11  SCV, Marine  
  150  10:14  Marine  
  153  10:18  Siege Tank  
  153  10:19  Factory  
  153  10:20  Viking x2  
  161  10:26  Barracks Reactor  
  161  10:27  Marine x5  
  166  10:30  Marine  
  167  10:41  Marine x2  
  169  10:42  Planetary Fortress  
  169  10:44  Refinery x2  
  169  10:47  Sensor Tower  
  169  10:50  Siege Tank  
  169  10:52  Viking x2  
  176  10:59  Marine x3  
  176  11:00  Marine  
  180  11:04  Supply Depot x2  
  180  11:07  Supply Depot  
  179  11:22  Starport x2  
  179  11:23  Siege Tank  
  180  11:25  Siege Tank  
  180  11:27  Viking x2  
  180  11:31  Marine x5  
  180  11:32  Marine x2  
  192  11:39  Marine  
  193  11:40  Marine  
  190  11:56  Viking  
  190  11:57  Viking  
  190  11:58  Terran Vehicle Weapons Level 2  
  190  12:01  Marine x5  
  192  12:02  Marine  
  196  12:09  Command Center  
  196  12:11  Terran Infantry Armor Level 3, Terran Infantry Weapons Level 3  
  196  12:18  Viking x2  
  200  12:24  Supply Depot, Sensor Tower  
  198  12:36  Viking  
  200  12:47  Command Center  
  200  12:49  Starport Tech Lab x2  
  200  12:50  Command Center  
  200  12:56  Missile Turret  
  200  13:05  Armory  
  200  13:13  Corvid Reactor  
  186  13:29  Marine x4  
  186  13:30  Siege Tank x2  
  186  13:32  Viking x2, Raven x2  
  172  13:43  Marine  
  172  13:45  Marine x2  
  167  13:59  Orbital Command  
  167  14:00  Orbital Command  
  167  14:02  Planetary Fortress, Siege Tank x2  
  170  14:03  Refinery  
  170  14:05  Refinery, Viking  
  170  14:06  Viking  
  175  14:11  Marine x9  
  175  14:12  Marine  
  175  14:14  Raven x2  
  171  14:27  Missile Turret  
  171  14:29  Marine x4  
  175  14:34  Siege Tank  
  175  14:35  Siege Tank  
  175  14:36  Viking x2  
  185  14:41  Terran Ship Weapons Level 1, Terran Vehicle And Ship Armor Level 1  
  185  14:48  Starport  
  185  14:50  Neosteel Armor, Hi-Sec Auto Tracking  
  185  14:51  Starport  
  183  15:00  Raven x2  
  187  15:11  Viking, Command Center  
  187  15:13  Viking  
  185  15:23  Siege Tank x2  
  131  15:28  Viking x2  
  191  15:41  Viking  
  191  15:43  Viking x3  
  185  15:58  Viking x2  
  185  16:01  Siege Tank  
  185  16:02  Siege Tank  
  195  16:11  Viking  
  197  16:13  Viking  
  199  16:24  Marine  
  158  16:34  Raven, Siege Tank x2  
  158  16:35  Viking x2  
  158  16:36  Marine x4  
  158  16:37  Marine x3  
  176  16:40  Marine x2  
  176  16:42  Marine, Orbital Command  
  179  16:54  Marine x4  
  179  16:55  Marine  
  179  16:58  Raven  
  170  17:24  Raven  
  170  17:25  Starport Tech Lab, Starport Reactor  
  170  17:26  Marine  
  170  17:27  Marine x2  
  170  17:29  Marine x4  
  177  17:30  Marine x2  
  177  17:35  Marine  
  180  17:43  Command Center  
  180  17:44  Marine  
  180  17:45  Siege Tank x2  
  180  17:46  Command Center  
  187  17:54  Command Center  
  187  17:58  Command Center  
  187  18:01  Raven x2  
  189  18:06  Raven  
  191  18:15  Marine x6  
  191  18:16  Marine x2  
  191  18:17  Marine  
  197  18:22  Siege Tank  
  197  18:26  Marine  
  196  18:33  Marine x4  
  200  18:35  Marine x2  
  194  18:44  Raven x2, Marine x2  
  197  18:56  Marine x3  
  200  19:10  Planetary Fortress, Orbital Command  
  200  19:11  Command Center  
  200  19:14  Missile Turret  
  200  19:16  Orbital Command  
  200  19:23  Sensor Tower  
  200  19:24  Refinery  
  200  19:25  Refinery  
  176  20:29  Factory x2  
  176  20:32  Factory  
  161  20:57  Orbital Command x2  
  161  20:59  Orbital Command  
  161  21:00  Orbital Command  
  161  21:03  Marine  
  156  21:05  Factory Tech Lab  
  156  21:08  Viking x2  
  157  21:11  Starport Tech Lab  
  155  21:20  Marine  
  155  21:41  Factory Tech Lab  
  155  21:42  Factory Tech Lab, Raven  
  160  21:56  Factory Tech Lab  
  151  22:17  Orbital Command  
  151  22:24  Siege Tank x2  
  151  22:27  Orbital Command  
  151  22:28  Barracks  
  151  22:29  Barracks  
  153  22:30  Barracks  
  151  22:48  Siege Tank  
  154  22:55  Orbital Command  
  154  22:58  Orbital Command, Siege Tank  
  150  22:59  Siege Tank  
  151  23:13  SCV x2  
  151  23:15  Supply Depot x4  
  151  23:16  Supply Depot x2  
  151  23:17  Supply Depot  
  151  23:21  Factory Tech Lab  
  151  23:29  Supply Depot x2  
  151  23:30  Supply Depot  
  149  23:36  SCV x2  
  149  23:37  SCV x2  
  200  23:41  Orbital Command  
  153  23:47  Marine x2  
  153  23:48  Siege Tank  
  159  23:49  SCV  
  151  24:07  Orbital Command  
  148  24:15  Orbital Command  
  148  24:16  Marine x2  
  143  24:17  Marine  
  143  24:19  Siege Tank  
  143  24:20  Siege Tank  
  149  24:27  Barracks Reactor, Starport  
  149  24:28  Barracks, Starport  
  149  24:34  Marine  
  149  24:35  Factory Tech Lab  
  140  24:39  Marine x2  
  140  24:51  Siege Tank  
  140  24:52  Marine, Siege Tank  
  125  24:54  Marine  
  125  24:57  Marine x2  
  117  25:01  Siege Tank  
  116  25:10  Marine  
  116  25:11  Medivac x2  
  116  25:12  Marine  
  119  25:14  Marine  
  119  25:15  Marine  
  114  25:24  Siege Tank x2  
  114  25:27  Marine  
  118  25:30  Marine  
  118  25:32  Marine x2  
  118  25:33  Siege Tank  
  105  25:45  Marine  
  105  25:48  Marine  
  107  25:50  Marine x3  
  107  25:51  Orbital Command  
  107  25:56  Siege Tank x2  
  114  26:02  Orbital Command  
  114  26:03  Marine  
  110  26:06  Marine  
  110  26:08  Marine x2  
  110  26:09  Siege Tank  
  113  26:15  Marine  
  114  26:20  SCV x5  
  114  26:21  Marine  
  114  26:23  Marine  
  121  26:26  Marine  
  121  26:32  SCV x3, Marine  
  111  26:51  Refinery  
Show
View Real Time Build Order
Export as new Build Order

Cure Terran 

Build Orders:  

Get SALT Encoding   

  12  0:00  SCV  
  13  0:12  SCV  
  14  0:16  Supply Depot  
  14  0:24  SCV  
  15  0:38  SCV  
  15  0:40  Barracks  
  15  0:42  Refinery  
  16  0:50  SCV  
  16  0:51  Refinery  
  17  1:02  SCV  
  18  1:14  SCV  
  19  1:26  Reaper  
  19  1:27  Orbital Command  
  19  1:29  Supply Depot  
  20  1:41  Factory  
  20  1:52  SCV  
  21  1:59  Barracks Reactor  
  21  2:04  SCV  
  22  2:16  SCV  
  22  2:21  Command Center  
  23  2:27  Hellion  
  23  2:29  SCV  
  26  2:35  Reaper x2  
  28  2:40  Supply Depot  
  28  2:43  SCV  
  29  2:49  Hellion  
  31  2:58  SCV  
  31  3:10  SCV, Hellion  
  31  3:12  Reaper x2  
  36  3:18  Starport  
  36  3:22  SCV  
  37  3:31  Refinery  
  37  3:34  SCV  
  37  3:35  Factory Tech Lab  
  38  3:44  Marine x2  
  38  3:45  Orbital Command  
  38  3:46  SCV  
  41  3:53  Siege Tank  
  44  3:55  Medivac  
  46  4:02  Supply Depot  
  46  4:05  SCV  
  46  4:07  Marine  
  46  4:08  Marine  
  47  4:19  SCV x2  
  48  4:25  Marine x2  
  48  4:27  Supply Depot  
  48  4:31  SCV x2  
  52  4:36  Factory Tech Lab  
  52  4:40  Raven  
  52  4:43  SCV x2, Marine  
  57  4:46  Marine  
  58  4:55  SCV x2, Cyclone  
  63  5:01  Marine  
  61  5:07  SCV x2  
  59  5:16  Marine  
  59  5:19  SCV x2, Marine  
  61  5:26  Raven  
  61  5:28  Siege Tank  
  65  5:31  Supply Depot, SCV x2  
  65  5:32  Supply Depot  
  67  5:36  Command Center  
  67  5:39  Marine x2  
  69  5:44  SCV  
  69  5:46  Refinery  
  70  5:52  Supply Depot, SCV  
  70  5:56  SCV  
  72  6:00  Siege Tank  
  75  6:04  SCV  
  75  6:08  SCV, Barracks  
  75  6:10  Barracks  
  77  6:12  Marine  
  77  6:16  SCV  
  79  6:20  Viking x2  
  79  6:23  SCV  
  84  6:28  SCV  
  84  6:30  Engineering Bay  
  84  6:31  Engineering Bay  
  84  6:33  Marine  
  84  6:38  SCV  
  84  6:39  Siege Tank  
  89  6:41  SCV  
  90  6:50  Viking x2  
  90  6:51  Marine  
  92  6:56  Orbital Command  
  92  6:59  SCV x2  
  93  7:10  Terran Infantry Weapons Level 1, Terran Infantry Armor Level 1  
  93  7:11  SCV x2  
  93  7:12  Barracks Tech Lab  
  95  7:18  Orbital Command  
  95  7:22  Barracks Reactor x2, Siege Tank  
  96  7:23  Viking  
  96  7:28  SCV  
  99  7:31  Viking  
  99  7:32  Marine  
  102  7:39  SCV  
  102  7:40  SCV  
  103  7:48  SCV  
  103  7:51  SCV, Marine, Stimpack  
  104  7:52  SCV  
  104  7:54  Siege Tank  
  104  7:57  Supply Depot x2  
  108  7:58  Barracks  
  108  7:59  Barracks  
  108  8:03  Refinery  
  108  8:04  Refinery  
  108  8:12  Marine x4  
  109  8:13  Marine  
  93  8:21  SCV x3  
  93  8:26  Siege Tank  
  72  8:27  Viking x2  
  96  8:30  Marine x5  
  105  8:34  SCV, Armory  
  105  8:35  SCV x2  
  108  8:47  SCV x3, Barracks Reactor  
  108  8:48  Barracks Reactor, Marine x2  
  113  8:50  Sensor Tower  
  113  8:51  Marine x3  
  104  8:57  Medivac  
  104  8:58  Siege Tank  
  104  8:59  SCV x3  
  104  9:06  Marine x2  
  104  9:07  Medivac  
  104  9:09  Marine x3  
  108  9:11  SCV  
  108  9:13  Command Center  
  109  9:23  Marine x2  
  111  9:26  Marine x4  
  111  9:27  Marine x2  
  111  9:31  Combat Shield  
  118  9:32  Missile Turret, Siege Tank  
  118  9:35  Supply Depot  
  118  9:36  Viking  
  118  9:37  Viking, Marine  
  125  9:46  Supply Depot  
  125  9:47  Marine x2  
  125  9:51  Marine x6  
  133  9:57  Marine  
  134  10:01  Factory  
  134  10:05  Marine x2  
  135  10:09  Viking x2, Marine x5  
  142  10:15  Marine x2  
  142  10:16  Siege Tank  
  142  10:17  Terran Infantry Armor Level 2, Terran Infantry Weapons Level 2  
  142  10:21  Terran Vehicle Weapons Level 1  
  147  10:22  Marine x2  
  147  10:26  Marine x2  
  151  10:30  Marine x3  
  151  10:33  SCV x3, Marine  
  154  10:47  Viking x2, Marine x3  
  154  10:48  Siege Tank  
  164  10:55  Missile Turret  
  164  11:01  Supply Depot  
  164  11:02  Supply Depot  
  164  11:03  Supply Depot  
  164  11:13  Barracks Reactor  
  164  11:20  Starport  
  164  11:21  Starport  
  164  11:23  Marine x6  
  170  11:25  Refinery  
  170  11:28  Siege Tank, Sensor Tower  
  170  11:29  Viking x2  
  170  11:30  Siege Tank  
  170  11:31  Refinery  
  179  11:37  Marine x2  
  179  11:41  Marine x4  
  179  11:47  Planetary Fortress  
  183  11:51  Marine  
  180  11:59  Viking x2  
  180  12:00  Marine x2  
  187  12:04  Siege Tank  
  181  12:09  Starport Tech Lab x2  
  181  12:12  Supply Depot  
  181  12:15  Supply Depot  
  181  12:17  Sensor Tower  
  181  12:20  SCV x3  
  184  12:29  Viking x2  
  180  12:32  Siege Tank  
  180  12:36  Siege Tank  
  185  12:37  Viking x2  
  189  12:49  Terran Infantry Weapons Level 3  
  189  12:51  Missile Turret  
  189  12:54  Terran Infantry Armor Level 3  
  189  12:59  Viking  
  189  13:03  Viking  
  193  13:07  Viking  
  195  13:15  Terran Ship Weapons Level 1  
  195  13:18  Command Center  
  195  13:25  Marine x4  
  195  13:33  Liberator  
  195  13:34  Medivac, Liberator  
  180  13:35  Siege Tank  
  180  13:37  Medivac  
  184  13:44  Marine x4  
  180  13:53  Marine x4  
  180  13:54  Siege Tank  
  185  13:59  Sensor Tower  
  185  14:07  Siege Tank  
  184  14:17  Viking, Raven  
  184  14:19  Viking  
  190  14:26  Siege Tank  
  193  14:38  Command Center  
  192  14:39  Siege Tank  
  192  14:42  Raven  
  192  14:43  Refinery x2  
  197  14:56  Missile Turret  
  197  14:58  Siege Tank, Command Center  
  197  14:59  Missile Turret  
  200  15:03  Armory  
  200  15:07  Planetary Fortress  
  200  15:11  Missile Turret  
  193  15:41  Raven  
  193  15:42  Viking x2, Raven  
  195  15:47  Marine x6  
  195  15:48  Siege Tank x2  
  200  16:03  Orbital Command  
  200  16:04  Terran Ship Weapons Level 2  
  200  16:07  Terran Vehicle And Ship Armor Level 1  
  200  16:23  Marine  
  200  16:24  Raven x2, Marine x7  
  193  16:27  Marine x2, Siege Tank x2  
  193  16:32  Viking x2  
  178  16:38  Orbital Command  
  174  16:41  Marine x4  
  175  16:49  Command Center  
  175  16:59  Siege Tank  
  175  17:02  Viking x2  
  175  17:05  Marine x7  
  175  17:07  Viking x2  
  175  17:08  Thor  
  163  17:23  Marine x8  
  163  17:24  Marine x2  
  166  17:31  Siege Tank  
  166  17:35  Viking  
  171  17:40  Marine x2  
  171  17:41  Marine x3  
  176  17:44  Viking  
  176  17:46  Raven x2  
  176  17:47  Marine x2  
  184  17:51  Siege Tank  
  187  18:03  Siege Tank  
  187  18:11  Marine x8  
  195  18:19  Viking  
  193  18:20  Viking  
  193  18:21  Planetary Fortress  
  193  18:23  Siege Tank  
  179  18:35  Siege Tank  
  179  18:39  Marine x6  
  179  18:40  Marine  
  187  18:43  Raven x2  
  187  18:45  Marine x2  
  193  18:49  Viking  
  193  18:50  Factory  
  195  18:55  Siege Tank  
  195  19:05  Viking  
  195  19:07  Siege Tank  
  200  19:18  Refinery x2  
  200  19:35  Command Center  
  200  19:55  Missile Turret  
  200  19:56  Missile Turret x2  
  200  19:57  Missile Turret  
  200  19:58  Sensor Tower  
  200  20:16  Missile Turret x4  
  200  20:17  Missile Turret x2  
  200  20:21  Factory  
  196  20:25  Starport x2  
  196  20:27  Factory  
  193  20:28  Starport  
  190  20:37  Missile Turret  
  190  20:38  Missile Turret  
  190  20:39  Missile Turret  
  186  20:45  Missile Turret  
  184  21:12  Starport Reactor x2  
  184  21:13  Factory Tech Lab  
  184  21:14  Factory Tech Lab  
  184  21:16  Supply Depot  
  184  21:19  Barracks x2  
  184  21:20  Supply Depot x3  
  184  21:21  Barracks  
  184  21:23  Supply Depot  
  183  21:26  Engineering Bay  
  183  21:32  Engineering Bay  
  178  21:50  Supply Depot  
  178  21:51  Supply Depot x2  
  178  21:54  Supply Depot  
  177  22:04  Missile Turret  
  177  22:05  Missile Turret  
  177  22:13  Supply Depot  
  177  22:14  Missile Turret  
  172  22:17  Supply Depot  
  161  22:31  Supply Depot  
  155  22:52  Viking  
  155  22:53  Siege Tank x2  
  155  22:55  Viking x3  
  155  22:57  Viking  
  144  23:18  Barracks Reactor x2  
  142  23:22  Viking  
  142  23:25  Viking x3, Siege Tank  
  142  23:27  Viking  
  152  23:38  Refinery  
  150  23:50  Supply Depot x3  
  150  23:51  Supply Depot  
  150  23:53  Viking  
  149  23:55  Sensor Tower  
  149  24:00  Siege Tank  
  148  24:08  Siege Tank  
  149  24:15  Viking x4  
  147  24:32  Siege Tank  
  131  24:56  Marine x3  
  113  25:32  Marine x5  
  97  25:50  Marine x5  
  78  26:07  Marine x4  
  78  26:08  Marine  
  80  26:25  Marine x4  
  74  26:29  Marine  

Tags
 
Add a new tag
Caveats
  • Supply blocks, unpowered buildings, or Contaminate may cause inaccurate times.
  • Supply counts are checked every 10 seconds.